 Dungeon Crawl Stone Soup version 0.27-a0-597-g524d869a0f (webtiles) character file.

Game seed: 13096096361020655350

21790 Lanoc the Spry (level 12, -3/106 HPs)
             Began as a Merfolk Brigand on Mar 11, 2021.
             Was the Champion of Dithmenos.
             Slain by a sun demon (17 damage)
             ... summoned by Frances
             ... on level 14 of the Dungeon.
             The game lasted 00:21:30 (13100 turns).

Lanoc the Spry (Merfolk Brigand)                   Turns: 13100, Time: 00:21:31

Health: -3/106     AC: 11    Str: 13    XL:     12   Next: 93%
Magic:  12/12      EV: 27    Int: 10    God:    Dithmenos [******]
Gold:   858        SH:  5    Dex: 27    Spells: 11/11 levels left

rFire    . . .     SeeInvis .   I - +6 trident "Rouskoh" {freeze, rN+}
rCold    . . .     Faith    +   R - +0 buckler
rNeg     + . .     Spirit   .   m - +2 animal skin
rPois    .         Reflect  .   (no helmet)
rElec    .         Harm     .   u - +2 cloak of Zulud {Dex+2}
rCorr    .         Rampage  .   (no gloves)
Will     .....                  (no boots)
Stlth    +++++++...             O - amulet of faith
HPRegen  0.27/turn              f - +4 ring of protection
MPRegen  0.13/turn              y - +6 ring of dexterity

@: about to teleport, wreathed by umbra
A: change form in water, amphibious, nimble swimmer 2
a: Renounce Religion, Shadow Step, Shadow Form


You were on level 14 of the Dungeon.
You worshipped Dithmenos.
Dithmenos was exalted by your worship.
You visited 2 branches of the dungeon, and saw 14 of its levels.

You collected 900 gold pieces.
You spent 42 gold pieces at shops.

Inventory:

Hand Weapons
 I - the +6 trident "Rouskoh" (weapon) {freeze, rN+}
   (You found it on level 8 of the Dungeon)

   It has been specially enchanted to freeze those struck by it, causing extra
   injury to most foes and up to half again as much damage against particularly
   susceptible opponents.
   It can also slow down cold-blooded creatures.
   It protects you from negative energy.
Missiles
 d - 75 poisoned darts (quivered)
 e - 2 curare-tipped darts
Armour
 m - a +2 animal skin (worn)
 u - the +2 cloak of Zulud (worn) {Dex+2}
   (You found it on level 4 of the Dungeon)

   It affects your dexterity (+2).
 R - a +0 buckler (worn)
Jewellery
 b - a ring of see invisible
 f - a +4 ring of protection (right hand)
 y - a +6 ring of dexterity (left hand)
 G - a ring of protection from fire
 N - a ring of protection from cold
 O - an amulet of faith (around neck)
 Q - a ring of wizardry
Wands
 q - a wand of acid (13)
 B - a wand of random effects (16)
 J - a wand of polymorph (10)
 K - a wand of charming (13)
 M - a wand of paralysis (16)
Scrolls
 a - 7 scrolls of identify
 g - 2 scrolls of enchant weapon
 h - 3 scrolls of blinking
 i - 3 scrolls of enchant armour
 o - a scroll of amnesia {unknown}
 s - 5 scrolls of teleportation
 t - 3 scrolls of magic mapping {unknown}
 v - 7 scrolls of noise {unknown}
 w - a scroll of immolation {unknown}
 x - 4 scrolls of torment {unknown}
 E - a scroll of silence {unknown}
 H - a scroll of fear {unknown}
 P - a scroll of vulnerability {unknown}
Potions
 c - a potion of resistance
 j - 3 potions of heal wounds
 k - 2 potions of magic {unknown}
 l - a potion of mutation {unknown}
 n - 2 potions of lignification {unknown}
 p - a potion of cancellation {unknown}
 r - 6 potions of curing
 z - a potion of degeneration {unknown}
 A - 3 potions of haste {unknown}
 C - a potion of invisibility {unknown}
 D - a potion of flight {unknown}
 F - a potion of might
 L - 2 potions of ambrosia


   Skills:
 + Level 13.8 Fighting
 - Level 2.4 Short Blades
 + Level 13.7 Polearms
 - Level 2.0 Throwing
 + Level 15.9 Dodging
 - Level 6.2 Stealth


You had 11 spell levels left.
You didn't know any spells.
Your spell library contained the following spells:

 Spells                   Type           Power      Damage    Failure   Level
 Corona                   Hex            0%         N/A       54%         1
 Magic Dart               Conj           0%         1d3       54%         1
 Ensorcelled Hibernation  Hex/Ice        0%         N/A       67%         2
 Confusing Touch          Hex            0%         N/A       88%         3
 Dazzling Flash           Conj/Hex       0%         N/A       88%         3
 Tukima's Dance           Hex            0%         N/A       88%         3
 Animate Dead             Necr           0%         N/A       99%         4
 Cause Fear               Hex            0%         N/A       99%         4
 Borgnjor's Vile Clutch   Necr/Erth      0%         N/A       100%        5
 Silence                  Hex/Air        0%         N/A       100%        5
 Yara's Violent Unravell  Hex/Tmut       0%         3d3       100%        5
 Death Channel            Necr           0%         N/A       100%        6
 Simulacrum               Ice/Necr       0%         N/A       100%        6
 Discord                  Hex            0%         N/A       100%        8


Dungeon Overview and Level Annotations

Branches:
Dungeon (12/15)            Temple (1/1) D:7            Lair (0/6) D:9
 Vaults (0/5) D:14
    Orc: D:9-12

Altars:
Dithmenos
Fedhas
Gozag
Hepliaklqana
Kikubaaqudgha
Makhleb
Nemelex Xobeh
Okawaru
Qazlal
Ru
Sif Muna
Trog
Uskayaw
Vehumet
Wu Jian
Yredelemnul

Shops:
D:4 !   D:5 [([   D:9 ([

Portals:
Trove: D:11 (give +5 ice dragon scales)

Annotations:
D:7 2 transporters, t4s4d4r's ghost, novice DgHu
D:14 Frances


Innate Abilities, Weirdness & Mutations

You revert to your normal form in water.
You are amphibious.
You are quick and stealthy while swimming. (Stealth+, EV+, Speed+++)


Message History

You puncture the centaur! You freeze the centaur.
The centaur is almost dead.
You puncture the centaur! You freeze the centaur.
You kill the centaur!
Dithmenos accepts your kill.
No target in view!
Things that are here:
a +0 shortbow; 19 arrows; a centaur corpse
Things that are here:
a +0 buckler; a tengu corpse You start putting on your armour.
You continue putting on your +0 buckler. x4
You finish putting on your +0 buckler.
You see here a yak corpse.
Frances, Duchess of Pandemonium comes into view.
She is wielding a +2 vampiric war axe and wearing a +3 chain mail of poison resistance.
Found 19 stones.
You see here a +0 bardiche.
You reach to attack!
You catch the helpless Frances completely off-guard!
You hit Frances but do no damage.
Your shadow hits Frances but does no damage.
Frances mutters in a terrible tongue.
Frances seems to speed up.
You reach to attack!
You closely miss Frances.
Frances chants phrases taken from a devil's mouth.
Frances chants phrases taken from a devil's mouth.
The iron shot hits you!!
You emit a cloud of dark smoke.
There is a stone staircase leading up here.
As you read the scroll of teleportation, it crumbles to dust.
You feel strangely unstable.
Frances screams a word of power!
The iron shot hits you!!!
You emit a cloud of dark smoke.
The sun demon completely misses you.
Frances chants phrases taken from a devil's mouth.
The iron shot hits you!!
* * * LOW HITPOINT WARNING * * *
You feel much better. Frances completely misses you. The sun demon hits you!
* * * LOW HITPOINT WARNING * * *
You are engulfed in flames!
You die...

###### .... #....# # ...
#....# ..#... #....#
.... #....# #..##
####....# #§.§#
###.†..†..#
#§§§###...##..))##
###@§§##..####......
#.§@3§....########..
#.§§§§....##(....#..
#§§§§§....##..#.##..
#....)....##.#.#.#..
#(..........#..##)#..
#.............#.#).....
..#..........######)#..
...#....................


You could see Frances (fast) and a sun demon (summoned).

Vanquished Creatures
  A hydra (D:14)
  A two-headed ogre (D:11)
  A centaur warrior (D:14)
  A deep elf knight (D:14)
  2 unseen horrors
  2 deep elf pyromancers (D:14)
  3 orc knights (D:11)
  A cyclops (D:11)
  An ugly thing (D:12)
  Maurice (D:11)
  Maggie (D:10)
  A centaur skeleton (D:14)
  4 yaktaurs (D:14)
  A komodo dragon (D:9)
  A tengu conjurer (D:14)
  A guardian mummy (D:11)
  A troll (D:10)
  2 hornets
  A shadow (D:11)
  17 yaks
  A wyvern (D:10)
  A steam dragon (D:12)
  18 wargs (D:11)
  A water moccasin (D:10)
  An acid dragon (D:12)
  2 eyes of draining (D:11)
  11 orc warriors
  6 sky beasts
  7 ice beasts
  3 ogres
  2 black bears
  A boggart (D:14)
  2 necrophages
  2 phantoms
  14 centaurs
  5 kobold brigands
  Blork the orc (D:4)
  8 bullfrogs
  3 wyvern skeletons
  A wyvern zombie (D:10)
  3 killer bees (D:8)
  2 howler monkeys
  A bullfrog zombie (D:6)
  2 centaur zombies
  A quasit (D:10)
  2 hounds
  6 jellies
  5 bullfrog skeletons
  4 orc priests
  2 iguanas
  Terence (D:3)
  4 orc wizards
  10 worker ants
  A hound zombie (D:5)
  3 hound skeletons
  2 howler monkey zombies
  Robin (D:3)
  2 worker ant zombies
  4 gnolls (D:3)
  12 adders
  A white imp (D:6)
  3 ufetubi
  An adder zombie (D:9)
  2 adder skeletons
  A dart slug (D:3)
  6 leopard geckos
  56 orcs
  2 ball pythons
  4 bats
  6 giant cockroaches
  14 goblins
  9 hobgoblins
  12 jackals
  8 quokkas
  5 frilled lizards
  A jackal skeleton (D:4)
  17 kobolds
  A quokka skeleton (D:5)
  5 rats
356 creatures vanquished.

Vanquished Creatures (others)
  5 plants
5 creatures vanquished.

Grand Total: 361 creatures vanquished

Notes
Turn   | Place    | Note
-------+----------+-------------------------------------------
     0 | D:1      | Lanoc the Merfolk Brigand began the quest for the Orb.
     0 | D:1      | Reached XP level 1. HP: 16/16 MP: 1/1
   137 | D:2      | Reached XP level 2. HP: 17/23 MP: 2/2
   139 | D:2      | Reached skill level 2 in Dodging
   256 | D:2      | Reached XP level 3. HP: 23/28 MP: 3/3
   739 | D:3      | Reached skill level 5 in Stealth
   771 | D:3      | Reached skill level 3 in Dodging
   779 | D:3      | Reached XP level 4. HP: 27/35 MP: 4/4
   956 | D:3      | Noticed Terence
   969 | D:3      | Killed Terence
  1165 | D:3      | Found a sacrificial altar of Ru.
  1183 | D:3      | Reached XP level 5. HP: 6/41 MP: 5/5
  1240 | D:2      | Found a shadowy altar of Dithmenos.
  1440 | D:2      | Found a bloodstained altar of Trog.
  1443 | D:2      | Found a hide-covered altar of Uskayaw.
  1446 | D:2      | Became a worshipper of Dithmenos the Shadowed
  1467 | D:2      | Noticed Robin
  1928 | D:3      | Killed Robin
  2132 | D:3      | Reached skill level 4 in Dodging
  2252 | D:3      | Found a hazy altar of Hepliaklqana.
  2812 | D:4      | Reached * piety under Dithmenos
  2829 | D:4      | Reached XP level 6. HP: 34/48 MP: 6/6
  2974 | D:4      | Noticed Blork the orc
  2984 | D:4      | Killed Blork the orc
  3227 | D:4      | Reached skill level 5 in Dodging
  3281 | D:4      | Found Poabouff's Distillery.
  3291 | D:4      | Bought a potion of curing for 42 gold pieces
  3306 | D:4      | Reached skill level 5 in Fighting
  3306 | D:4      | Reached XP level 7. HP: 56/56 MP: 7/7
  3317 | D:4      | Identified the +2 cloak of Zulud {Dex+2}
  3484 | D:4      | Reached skill level 6 in Dodging
  3870 | D:5      | Entered Level 5 of the Dungeon
  3873 | D:5      | Found Pufaoz's Armour Shop.
  3887 | D:5      | Found an iron altar of Okawaru.
  4075 | D:5      | Found Wibixzac's Armour Boutique.
  4080 | D:5      | Reached ** piety under Dithmenos
  4164 | D:5      | Noticed an unseen horror
  4214 | D:5      | Killed an unseen horror
  4215 | D:5      | Reached skill level 8 in Dodging
  4215 | D:5      | Reached XP level 8. HP: 35/67 MP: 8/8
  4626 | D:5      | Found Luapowao's Weapon Boutique.
  4966 | D:6      | Reached skill level 9 in Dodging
  5379 | D:6      | Found a burning altar of Makhleb.
  5390 | D:6      | Reached XP level 9. HP: 72/75 MP: 9/9
  5520 | D:7      | Noticed a moth of wrath
  5529 | D:7      | Reached skill level 10 in Dodging
  5560 | D:7      | Found a bloodstained altar of Trog.
  5560 | D:7      | Noticed t4s4d4r's ghost (novice DgHu)
  5566 | D:7      | Noticed a two-headed ogre
  5572 | D:7      | Noticed a cyclops
  5574 | D:7      | Identified the +1 dire flail of Dim Light {flame, rC+ Dex+4
                  | SInv}
  5585 | D:7      | Found a transporter.
  5671 | D:7      | Found a transporter.
  5789 | D:7      | Found a basalt altar of Yredelemnul.
  5967 | D:7      | Reached *** piety under Dithmenos
  6041 | D:7      | Found a staircase to the Ecumenical Temple.
  6047 | Temple   | Entered the Ecumenical Temple
  6101 | D:7      | Found a stormy altar of Qazlal.
  6231 | D:8      | Identified the +6 trident "Rouskoh" {freeze, rN+}
  6262 | D:8      | Reached skill level 1 in Polearms
  6415 | D:8      | Found an ancient bone altar of Kikubaaqudgha.
  6423 | D:8      | Found a shimmering blue altar of Sif Muna.
  6425 | D:8      | Found a radiant altar of Vehumet.
  6429 | D:8      | Identified Vehumet's Collected Works on Attacks
  6525 | D:8      | Reached skill level 11 in Dodging
  6892 | D:8      | Reached skill level 10 in Fighting
  7113 | D:9      | Found Viklaqan's Antique Armour Boutique.
  7263 | D:9      | Reached **** piety under Dithmenos
  7264 | D:9      | Reached skill level 5 in Polearms
  7264 | D:9      | Reached XP level 10. HP: 85/85 MP: 10/10
  7325 | D:9      | Found Onyaph's Antique Weapon Shop.
  7470 | D:9      | Reached skill level 12 in Dodging
  7936 | D:9      | Found a staircase to the Lair.
  8320 | D:10     | Entered Level 10 of the Dungeon
  8360 | D:10     | Noticed Maggie
  8376 | D:10     | Killed Maggie
  8882 | D:10     | Reached skill level 13 in Dodging
  9131 | D:11     | Reached XP level 11. HP: 93/93 MP: 11/11
  9189 | D:11     | Noticed a cyclops
  9207 | D:11     | Killed a cyclops
  9371 | D:11     | Reached ***** piety under Dithmenos
  9419 | D:11     | Reached skill level 10 in Polearms
 10097 | D:11     | Reached skill level 14 in Dodging
 10313 | D:11     | Noticed an orc knight
 10380 | D:11     | Killed an orc knight
 10512 | D:11     | Noticed an orc knight
 10513 | D:11     | Noticed an orc knight
 10593 | D:11     | Killed an orc knight
 10671 | D:11     | Killed an orc knight
 10843 | D:11     | Reached XP level 12. HP: 99/103 MP: 12/12
 10919 | D:11     | Noticed Maurice
 10945 | D:11     | Killed Maurice
 11049 | D:11     | Noticed a two-headed ogre
 11056 | D:11     | Paralysed by a hornet for 3 turns
 11065 | D:11     | Killed a two-headed ogre
 11276 | D:11     | Found a portal to a secret trove of treasure.
 12252 | D:12     | Reached skill level 15 in Dodging
 12392 | D:12     | You fall into a shaft and drop 2 floors!
 12410 | D:14     | Reached ****** piety under Dithmenos
 12552 | D:14     | Noticed a centaur warrior
 12561 | D:14     | Killed a centaur warrior
 12691 | D:14     | Noticed a deep elf knight
 12707 | D:14     | Killed a deep elf knight
 12721 | D:14     | Found a gate to the Vaults.
 12871 | D:14     | Noticed a five-headed hydra
 12908 | D:14     | Killed a five-headed hydra
 13089 | D:14     | Noticed Frances
 13095 | D:14     | Noticed a sun demon
 13099 | D:14     | HP: 3/106 [Frances/iron shot (31)]
 13100 | D:14     | Slain by a sun demon

Illustrated notes

Levels and vault maps discovered:
D:1:      dpeg_arrival_round_c, layout_rooms, minmay_misc_feat_ornament
D:2:      layout_rooms, grunt_temple_overflow_open,
          minmay_misc_feat_four_crosses, uniq_jessica, uniq_robin
D:3:      minmay_spotlight, layout_loops_corners, hangedman_ru_absence,
          lemuel_round_altar, corexii_item_surrounded_by_moat, uniq_terence
D:4:      minmay_door_path, layout_rooms, serial_shops, shop, uniq_blork_the_orc
D:5:      layout_basic, okawaru_trees_2, serial_shops, shop,
          kennysheep_little_box, nicolae_shop_trees
D:6:      layout_rooms, makhleb_blood_cavern_becter
D:7:      layout_rooms, overflow_temple_1_default, kennysheep_mini,
          minmay_temple_entry_fiery, gammafunk_ghost_wrathful_warriors
D:8:      layout_loops_ring, grunt_temple_overflow_magic_moments, serial_rivers,
          chequers_serial_rivers_large_a, chequers_serial_rivers_large_b,
          chequers_serial_rivers_room_a, chequers_serial_rivers_micro_a,
          chequers_serial_rivers_small_b, abandoned_shop
D:9:      layout_layer_cave, david_lair_shrubbed, serial_shops,
          kennysheep_mini_moat, shop
D:10:     layout_roguey, uniq_maggie
D:11:     lemuel_castle_with_subvaults [lemuel_castle_interior_carwin_2],
          layout_stronghold, nicolae_trove_entry_path_of_doom, uniq_maurice
D:12:     layout_stronghold, minmay_orc_entry_temple_small
D:14:     layout_rooms, hangedman_vaults_entry_quadrant_bands,
          hangedman_decor_clover_reticule, uniq_frances
Temple:   pf_slimified_temple

Skill      XL: |  1  2  3  4  5  6  7  8  9 10 11 12 |
---------------+-------------------------------------+-----
Dodging        | 2 3 4 5 8 9 11 13 14 15 | 15.9
Fighting       | 3 4 5 7 8 10 11 12 13 | 13.8
Stealth        | 5 6 |  6.2
Polearms       | 5 8 11 13 | 13.7
Short Blades   | |  2.4
Throwing       | |  2.0

Action                   |  1- 3 |  4- 6 |  7- 9 | 10-12 || total
-------------------------+-------+-------+-------+-------++-------
Melee: Dagger            |    75 |       |       |       ||    75
       Short sword       |    39 |   213 |   282 |       ||   534
       Trident           |       |       |    96 |   791 ||   887
       Tailslap          |       |       |       |    16 ||    16
Throw: Dart              |       |       |     7 |       ||     7
  Use: Potion            |     1 |       |       |     2 ||     3
       Scroll            |       |       |       |     6 ||     6
 Stab: Sleeping          |     6 |     6 |    31 |    33 ||    76
       Distracted        |       |       |       |     4 ||     4
Armor: Robe              |    37 |    39 |       |       ||    76
       Animal skin       |       |    32 |    55 |    57 ||   144
Dodge: Dodged            |    65 |   161 |   337 |   588 ||  1151

Table legend: (Time is in decaauts)
 A = Elapsed time spent in this place.
 B = Non-inter-level travel time spent in this place.
 C = Inter-level travel time spent in this place.
 D = Time resting spent in this place.
 E = Time spent auto-exploring this place.
 F = Levels seen in this place.
 G = Mean time per level.
                   A        B        C        D        E       F      G
               +--------+--------+--------+--------+--------+-----+--------+
         Total |  12832 |  12487 |    345 |   1189 |   8706 |  14 |  916.6 |
       Dungeon |  12830 |  12485 |    345 |   1189 |   8706 |  13 |  986.9 |
        Temple |      1 |      1 |      0 |      0 |      0 |   1 |    1.0 |
               +--------+--------+--------+--------+--------+-----+--------+

Top non-repeatable levels by time:
    D:11: 2721 daAuts
     D:3: 2000 daAuts
     D:9: 1207 daAuts
     D:4: 970 daAuts
     D:5: 936 daAuts
     D:8: 861 daAuts
     D:2: 794 daAuts
    D:10: 781 daAuts
     D:7: 751 daAuts
     D:6: 656 daAuts
    D:14: 649 daAuts
    D:12: 408 daAuts
     D:1: 93 daAuts
  Temple: 1 daAuts
